 Dungeon Crawl Stone Soup version 0.28-a0-43-g560ac104fe (webtiles) character file.

Game seed: 2015749440101856342

11431 rednaxela the Grappler (level 11, -2/74 HPs)
             Began as a Ghoul Necromancer on July 28, 2021.
             Was a Believer of Nemelex Xobeh.
             Shot with an arrow by Nessos (12 damage)
             ... on level 12 of the Dungeon.
             The game lasted 00:38:38 (16965 turns).

rednaxela the Grappler (Ghoul Necromancer)         Turns: 16965, Time: 00:38:39

Health: -2/74      AC: 15    Str: 16    XL:     11   Next: 77%
Magic:  0/16       EV:  9    Int: 10    God:    Nemelex Xobeh [**....]
Gold:   284        SH: 10    Dex:  9    Spells: 13/13 levels left

rFire   . . .      SeeInvis .     - Unarmed
rCold   + . .      Faith    .   E - +0 kite shield
rNeg    + + +      Spirit   +   s - +0 chain mail
rPois   ∞          Reflect  .   l - +0 helmet
rElec   .          Harm     .   k - +0 cloak
rCorr   .          Rampage  .   K - +2 pair of gloves {Stlth+}
Will    .....                   t - +1 pair of boots
Stlth   ..........              f - amulet of guardian spirit
HPRegen 0.00/turn               u - +4 ring of slaying {=R}
MPRegen 0.15/turn               y - +4 ring of evasion

@: inhibited regen
A: claws 1, cold resistance 1, negative energy resistance 3, inhibited
regeneration, torment resistance 2
a: Renounce Religion, Draw Escape, Draw Destruction, Draw Summoning


You were on level 12 of the Dungeon.
You worshipped Nemelex Xobeh.
Nemelex Xobeh was pleased with you.
You visited 2 branches of the dungeon, and saw 16 of its levels.
You also visited: Ossuary.

You collected 668 gold pieces.
You spent 384 gold pieces at shops.

Inventory:

Missiles
 e - 2 curare-tipped darts
 z - a throwing net {!f}
Armour
 k - a +0 cloak (worn)
   (You found it on level 2 of the Dungeon)
 l - a +0 helmet (worn)
   (You found it on level 11 of the Dungeon)
 s - a +0 chain mail (worn)
   (You took it off an orc on level 5 of the Dungeon)
 t - a +1 pair of boots (worn)
   (You bought it in a shop on level 7 of the Dungeon)
 E - a +0 kite shield (worn)
   (You bought it in a shop on level 7 of the Dungeon)
 K - a +2 pair of gloves of stealth (worn)
   (You bought it in a shop on level 7 of the Dungeon)
Jewellery
 a - a ring of ice
   (You found it on level 2 of the Dungeon)
 f - an amulet of guardian spirit (around neck)
   (You found it on level 5 of the Dungeon)
 q - the ring "Yfor" {Fly rF+ Will++ Dex+5}
   (You took it off a gnoll on level 4 of the Dungeon)

   [ring of protection from fire]

   Dex:       It affects your dexterity (+5).
   rF:        It protects you from fire.
   Fly:       It grants you flight.
   Will:      It greatly increases your willpower.
 r - a ring of magical power
   (You found it on level 1 of the Dungeon)
 u - a +4 ring of slaying (left hand) {=R}
   (You found it on level 5 of the Dungeon)
 y - a +4 ring of evasion (right hand)
   (You found it on level 5 of the Dungeon)
Wands
 b - a wand of flame (20) {@v4}
   (You found it on level 7 of the Dungeon)
 w - a wand of acid (5) {@v1}
   (You found it on level 10 of the Dungeon)
 x - a wand of iceblast (16) {@v2}
   (You found it on level 5 of the Dungeon)
 I - a wand of polymorph (7)
   (You found it on level 9 of the Dungeon)
Scrolls
 c - 3 scrolls of teleportation {@r3 !r}
 o - a scroll of fear {!r}
 p - 2 scrolls of blinking {@r4}
 D - 2 scrolls of enchant armour
Potions
 d - 2 potions of ambrosia {!q}
 g - 3 potions of curing {@q1 !q}
 h - a potion of magic {unknown}
 i - 4 potions of might {@q3 !q}
 j - 2 potions of flight
 n - 4 potions of heal wounds {@q2 !q}
 C - 3 potions of haste {@q4 !q}


   Skills:
 - Level 1.7 Dodging
 - Level 2.1 Stealth
 + Level 7.6 Shields
 + Level 14.7 Unarmed Combat
 - Level 1.7 Spellcasting
 - Level 4.0 Necromancy
 + Level 8.9 Invocations


You had 13 spell levels left.
You didn't know any spells.
Your spell library contained the following spells:

 Spells                   Type           Power      Damage    Failure   Level
 Animate Skeleton         Necr           16%        N/A       98%         1
 Pain                     Necr           32%        1d5       98%         1
 Corona                   Hex            0%         N/A       100%        1
 Freeze                   Ice            0%         1d3       100%        1
 Sting                    Tmut/Pois      0%         1d3       100%        1
 Ensorcelled Hibernation  Hex/Ice        0%         N/A       100%        2
 Poisonous Vapours        Pois/Air       0%         N/A       100%        2
 Frozen Ramparts          Ice            0%         1d2       100%        3
 Tukima's Dance           Hex            0%         N/A       100%        3
 Vampiric Draining        Necr           4%         2d6       100%        3
 Animate Dead             Necr           4%         N/A       100%        4
 Hailstorm                Conj/Ice       0%         3d3       100%        4
 Olgreb's Toxic Radiance  Pois           0%         N/A       100%        4
 Agony                    Necr           8%         N/A       100%        5


Dungeon Overview and Level Annotations

Branches:
Dungeon (15/15)            Temple (1/1) D:6            Lair (0/6) D:8
    Orc (0/2) D:10        Ossuary (visited)
 Vaults: D:13-14     Depths: D:15

Altars:
Ashenzari
Cheibriados
Dithmenos
Elyvilon
Fedhas
Gozag
Hepliaklqana
Kikubaaqudgha
Makhleb
Nemelex Xobeh
Okawaru
Qazlal
Ru
Sif Muna
Trog
Uskayaw
Vehumet
Wu Jian
Xom
Yredelemnul
Zin
The Shining One
Jiyva

Shops:
D:4 (   D:7 :[*[

Portals:
Trove: D:10 (give +5 ice dragon scales)

Annotations:
D:3 exclusion: oklob plant
D:5 2 transporters, Nausicaa's ghost, amateur TrDe
D:8 2 runed translucent doors
D:9 2 transporters
D:11 3 runed translucent doors, SirDiesAlot's ghost, journeyman DECj
D:12 Nessos


Innate Abilities, Weirdness & Mutations

You thrive by killing the living.
You are immune to poison.
You have sharp fingernails.
Your flesh is cold resistant. (rC+)
You are immune to negative energy. (rN+++)
You do not regenerate when monsters are visible.
You are immune to unholy pain and torment.


Message History

Unknown command.
Your orb of destruction hits a rock wall.
That deck is empty!
Unknown command.
You draw a card...
You have drawn the Rangers.
You block the cyan ugly thing's attack.
You punch the cyan ugly thing!
You kill the cyan ugly thing!
You feel better.
You swap places.
There is a stone staircase leading up here.
You see here an ugly thing corpse.
HP restored.
You swap places.
Things that are here:
a +1 morningstar of draining; a +0 plate armour You swap places.
Things that are here:
a +0 hand axe; a +0 hand axe; an orc corpse
There is a stone staircase leading up here.
There is a stone staircase leading up here.
There is a stone staircase leading down here.
There is a stone staircase leading down here.
Your centaur disappears in a puff of smoke!
Your centaur disappears in a puff of smoke!
You now have 267 gold pieces (gained 18).
You swap places.
Your centaur warrior disappears in a puff of smoke!
There is a stone staircase leading down here.
There is a stone staircase leading up here.
There is a stone staircase leading up here.
Things that are here:
a +0 hand axe; a +0 hand axe; an orc corpse
Things that are here:
a +1 morningstar of draining; a +0 plate armour
There is a stone staircase leading up here.
You see here an ugly thing corpse.
Things that are here:
a +0 hand axe; a +0 whip; a +0 ring mail You now have 284 gold pieces (gained 17).
You see here a +0 hunting sling.
Nessos the Markscentaur comes into view.
They are wearing a +2 barding of stealth.
Nessos shouts!
Nessos wields a +3 longbow of flaming.
It bursts into flame!
Nessos shoots an arrow.
The arrow hits you!! The arrow burns you.
Nessos shoots an arrow.
You block the arrow.
That deck is empty!
You draw a card...
You have drawn the Dance.
Nessos shoots an arrow.
You block the arrow.
You draw a card...
You have drawn the Elements.
Nessos shoots an arrow.
The arrow hits your ice beast! The arrow melts your ice beast!
Okay, then.
What are your orders? t - Shout!
Orders for allies: a - Attack new target. r - Retreat! s - Stop attacking. g - Guard the area. f - Follow me.
Anything else - Cancel.
Gang up on whom?
Press: ? - help, Dir - move target, f - Nessos
Aim: Nessos, wielding a +3 longbow of flaming, wearing a +2 barding of stealth and quivering arrows (ally target) Attack!
Nessos shoots an arrow.
The arrow barely misses your +0 quarterstaff.
The arrow hits your ice beast. The arrow melts your ice beast.
Your +0 quarterstaff hits Nessos!
Nessos blinks!
You swap places.
Nessos shoots an arrow.
The arrow hits your basilisk!! The arrow burns your basilisk!
Your basilisk looks as sick as possible!
Your basilisk dies!
Your basilisk's corpse disappears in a puff of smoke!
Nessos shoots an arrow.
The arrow hits you!!
* * * LOW HITPOINT WARNING * * *
The arrow burns you.
* * * LOW HITPOINT WARNING * * *
Nessos blinks!
Really read
o - 2 scrolls of fear {!r}?
As you read the scroll of fear {!r}, it crumbles to dust.
You assume a fearsome visage.
Nessos looks frightened!
Nessos blinks!
Your +0 quarterstaff disappears in a puff of smoke!
Your ice beast disappears in a puff of smoke!
Nessos casts a spell.
Nessos seems to speed up.
Okay, then.
You draw a card...
You have drawn the Dance.
The deck of cards glows slightly and disappears.
Nessos shoots an arrow.
The arrow hits you!
* * * LOW HITPOINT WARNING * * *
The arrow burns you.
* * * LOW HITPOINT WARNING * * *
Nessos blinks!
Nessos intently looks at you, slowly moving their tail.
Nessos shoots an arrow.
The arrow hits you but does no damage.
Nessos shoots an arrow.
The arrow hits you!
* * * LOW HITPOINT WARNING * * *
The arrow burns you.
* * * LOW HITPOINT WARNING * * *
Nessos shoots an arrow.
The arrow hits you!
You die...
Your body disappears without a glow.

#.#####.#
####.#####)# #<#
# #.#
#.....)<.###.###
###
#..########.#..#
#..# ##.#<#
###..# ###>#
#....# #.#
##.####.# #.#
...####.#
#######.#
..##(@.#
#......>#
c.##.###
#.#######
####.##.# #.#
####....##.# #.#
###.......##c#
#.#
##............#
#.#
##..........#..#
#.#
#..####.###§#..#
#.# ##..##...#
#.#### #.#


You could see Nessos (fast, ally target) and a friendly +0 hand axe (summoned).

Vanquished Creatures
  A centaur warrior (D:14)
  A two-headed ogre (D:9)
  A cyclops (D:14)
  An ugly thing (D:12)
  An eye of devastation (D:10)
  An unseen horror (D:13)
  A komodo dragon (D:10)
  A kobold demonologist (D:12)
  2 trolls
  Prince Ribbit (D:5)
  3 wraiths
  22 yaks
  2 vampires (D:10)
  A wyvern (D:10)
  A basilisk (D:13)
  2 sky beasts
  A hornet zombie (D:8)
  3 water moccasins
  2 orc warriors
  3 black bears
  2 necrophages (D:8)
  A boggart (D:12)
  5 centaurs
  2 bullfrogs (D:8)
  3 kobold brigands
  A wyvern zombie (D:7)
  A scorpion (D:4)
  2 water moccasin zombies
  A howler monkey (D:6)
  2 centaur zombies
  3 hounds
  3 jellies
  5 orc priests
  A centaur skeleton (D:3)
  A gnoll shaman (D:7)
  3 bullfrog skeletons
  2 iguanas
  A scorpion zombie (D:5)
  5 orc wizards
  4 killer bee zombies
  A hound skeleton (D:5)
  3 howler monkey zombies
  2 mummies
  8 gnolls
  13 adders
  A shadow imp (D:6)
  5 dart slugs
  20 orcs
  8 endoplasms
  A giant cockroach (D:2)
  10 goblins
  7 hobgoblins
  9 jackals
  3 quokkas
  8 ball pythons
  8 bats
  2 frilled lizards
  3 gnoll skeletons (Ossuary)
  A goblin zombie (D:6)
  22 kobolds
  4 kobold skeletons (Ossuary)
  18 orc skeletons (Ossuary)
  An orc zombie (D:6)
  5 rats
262 creatures vanquished.

Vanquished Creatures (others)
  A jelly (D:8)
  3 fungi (D:8)
4 creatures vanquished.

Grand Total: 266 creatures vanquished

Notes
Turn   | Place    | Note
-------+----------+-------------------------------------------
     0 | D:1      | rednaxela the Ghoul Necromancer began the quest for the
                  | Orb.
     0 | D:1      | Reached XP level 1. HP: 14/14 MP: 2/2
    82 | D:1      | Reached skill level 1 in Unarmed Combat
   406 | D:1      | Reached XP level 2. HP: 20/20 MP: 3/3
   479 | D:1      | Reached skill level 2 in Unarmed Combat
   494 | D:1      | Found a faded altar of an unknown god.
   808 | D:1      | Reached XP level 3. HP: 15/26 MP: 4/4
  1004 | D:1      | Reached skill level 3 in Unarmed Combat
  1298 | D:2      | Found a bloodstained altar of Trog.
  1980 | D:2      | Reached XP level 4. HP: 31/33 MP: 5/5
  1983 | D:2      | Reached skill level 4 in Unarmed Combat
  2681 | D:3      | Reached XP level 5. HP: 38/38 MP: 6/6
  2796 | D:3      | Reached skill level 5 in Unarmed Combat
  2827 | D:3      | Found a burning altar of Makhleb.
  3159 | D:3      | Found a blossoming altar of Fedhas.
  3181 | D:3      | Noticed an oklob plant
  3382 | D:3      | Found a shimmering blue altar of Sif Muna.
  3899 | D:5      | Entered Level 5 of the Dungeon
  3917 | D:4      | Noticed a black bear
  4194 | D:3      | Reached skill level 6 in Unarmed Combat
  4314 | D:4      | Reached XP level 6. HP: 45/45 MP: 7/7
  4450 | D:4      | Identified the ring "Yfor" {Fly rF+ Will++ Dex+5}
  4634 | D:4      | Found Disy Miu's Weapon Shop.
  4945 | D:3      | Killed a black bear
  4946 | D:3      | Reached skill level 7 in Unarmed Combat
  5100 | D:4      | Found an ancient bone altar of Kikubaaqudgha.
  5107 | D:4      | Reached XP level 7. HP: 50/50 MP: 8/8
  5544 | D:5      | Found a transporter.
  5548 | D:5      | Noticed Nausicaa's ghost (amateur TrDe)
  5606 | D:5      | Reached skill level 8 in Unarmed Combat
  5664 | D:5      | Found a transporter.
  5795 | D:5      | Found a broken altar of Ashenzari.
  6014 | D:5      | Reached skill level 9 in Unarmed Combat
  6169 | D:5      | Reached XP level 8. HP: 57/57 MP: 9/9
  6438 | D:6      | Noticed Prince Ribbit
  6453 | D:5      | Killed Prince Ribbit
  6454 | D:5      | Reached skill level 10 in Unarmed Combat
  6742 | D:6      | Found a sand-covered staircase.
  6749 | Ossuary  | Entered an ossuary
  6749 | Ossuary  | Noticed a wraith
  6749 | Ossuary  | Noticed a wraith
  6749 | Ossuary  | Noticed a wraith
  6840 | Ossuary  | Noticed a wraith
  6858 | Ossuary  | Killed a wraith
  7146 | D:6      | Found a staircase to the Ecumenical Temple.
  7177 | Temple   | Entered the Ecumenical Temple
  7313 | D:6      | Reached skill level 11 in Unarmed Combat
  8071 | D:6      | Reached XP level 9. HP: 62/62 MP: 10/10
  8159 | D:6      | Found a sacrificial altar of Ru.
  8338 | D:7      | Reached skill level 12 in Unarmed Combat
  8501 | D:7      | Found Edoem's Antique Armour Shop.
  8506 | D:7      | Found Nuqyda Woyj's Antique Armour Shop.
  8547 | D:7      | Found Coro's General Store.
  8548 | D:7      | Found Dacrim's Book Shop.
  8550 | D:7      | Bought a pair of boots for 117 gold pieces
  8550 | D:7      | Bought a kite shield for 117 gold pieces
  8696 | D:7      | Reached skill level 1 in Shields
  9039 | D:7      | Found an opulent altar of Gozag.
  9064 | D:7      | Found a sparkling altar of Nemelex Xobeh.
  9064 | D:7      | Found a hide-covered altar of Uskayaw.
  9090 | D:7      | Became a worshipper of Nemelex Xobeh the Trickster
  9282 | D:8      | Reached skill level 2 in Shields
  9282 | D:8      | Reached skill level 1 in Invocations
  9334 | D:8      | Found a runed translucent door.
  9409 | D:8      | Found a staircase to the Lair.
  9470 | D:8      | Found a runed translucent door.
  9520 | D:8      | Reached skill level 2 in Invocations
  9766 | D:8      | Reached skill level 3 in Shields
  9818 | D:8      | Reached skill level 3 in Invocations
 10292 | D:8      | Reached skill level 13 in Unarmed Combat
 10501 | D:9      | Reached skill level 4 in Invocations
 10501 | D:9      | Reached XP level 10. HP: 43/69 MP: 8/12
 10662 | D:8      | Reached skill level 4 in Shields
 10734 | D:8      | Noticed a tengu warrior
 10835 | D:9      | Reached skill level 5 in Invocations
 11059 | D:9      | Noticed a two-headed ogre
 11072 | D:9      | Killed a two-headed ogre
 11073 | D:9      | Reached skill level 5 in Shields
 11363 | D:9      | Found a transporter.
 11389 | D:9      | Found a viscous altar of Jiyva.
 11389 | D:9      | Noticed a great orb of eyes
 11401 | D:9      | Reached skill level 6 in Invocations
 11726 | D:7      | Bought a pair of glowing gloves for 150 gold pieces
 11895 | D:9      | Found a transporter.
 11978 | D:10     | Entered Level 10 of the Dungeon
 11998 | D:9      | HP: 3/69 [orc warrior (6)]
 12559 | D:10     | Reached skill level 6 in Shields
 12638 | D:10     | Reached * piety under Nemelex Xobeh
 12733 | D:10     | Noticed a two-headed ogre
 13054 | D:10     | Reached XP level 11. HP: 51/74 MP: 10/15
 13056 | D:10     | Reached skill level 7 in Invocations
 13064 | D:10     | Reached skill level 14 in Unarmed Combat
 13311 | D:10     | a two-headed ogre changed into an eye of devastation
 13449 | D:10     | Identified the +0 ring mail of the Gloaming {+Inv rF+}
 13481 | D:10     | Found a staircase to the Orcish Mines.
 13631 | D:10     | Found a portal to a secret trove of treasure.
 13895 | D:10     | Found a staircase to the Orcish Mines.
 14517 | D:10     | Found a portal to a secret trove of treasure.
 14618 | D:11     | Noticed a cyan ugly thing
 14619 | D:11     | Noticed SirDiesAlot's ghost (journeyman DECj)
 14619 | D:11     | Noticed a red ugly thing
 14620 | D:11     | Identified the +10 trident "Grum" {vorpal, rC+ rCorr Dex+3}
 14620 | D:11     | Noticed a cyclops
 14935 | D:11     | Found a runed translucent gate.
 14936 | D:11     | Found a runed translucent gate.
 14943 | D:11     | Received a gift from Nemelex Xobeh
 14985 | D:11     | Found a runed translucent gate.
 15226 | D:11     | Reached skill level 8 in Invocations
 15444 | D:11     | You fall into a shaft and drop 3 floors!
 15527 | D:14     | Noticed a centaur warrior
 15538 | D:14     | Killed a centaur warrior
 15539 | D:14     | Reached skill level 7 in Shields
 15737 | D:14     | Noticed a cyclops
 15764 | D:14     | Killed a cyclops
 15914 | D:15     | Entered Level 15 of the Dungeon
 15914 | D:15     | Reached ** piety under Nemelex Xobeh
 15914 | D:15     | Noticed a deep elf pyromancer
 15914 | D:15     | Noticed a cyclops
 15961 | D:14     | Noticed a phantasmal warrior
 16642 | D:11     | Noticed a salamander
 16736 | D:12     | Identified the +1 robe of Depression {Int+4}
 16795 | D:12     | Noticed a cyan ugly thing
 16822 | D:12     | Killed a cyan ugly thing
 16935 | D:12     | Noticed Nessos
 16965 | D:12     | Shot with an arrow by Nessos

Illustrated notes

Levels and vault maps discovered:
D:1:      wander_arrival_estate, layout_loops_ring,
          ebering_ecumenical_altar_abandoned
D:2:      minmay_wonky_spiral, layout_basic, basic_altar, nrook_mini_vaults
D:3:      layout_rooms, mainiacjoe_overflow_concentric_impassable, tgw_fedhas,
          lightli_temple_of_fire, corexii_hall_statues_l, minivault_14,
          serial_park_tiny_pond, grunt_decor_resistance, minmay_surrounded
D:4:      layout_rooms, kiku_gazebo_pond_becter, serial_shops,
          nicolae_square_shop
D:5:      layout_basic, cheibrodos_ashenzari_chains, gammafunk_ghost_stat_death
D:6:      layout_basic, nicolae_ru_path_of_blood,
          minmay_temple_entry_drinking_statues, nicolae_ossuary_entry_giza,
          uniq_prince_ribbit1
D:7:      layout_cave_pools, mainiacjoe_overflow_surrounded_room,
          gammafunk_temple_overflow_wave, minmay_shop_grid_forest, minivault_23
D:8:      cheibrodos_histonic, layout_cave_pods, dpeg_oklobed_lair,
          wad_rectangle_vault
D:9:      gammafunk_jiyva_shrine, layout_rooms
D:10:     layout_basic, orc_0_dummy, trove_entry_hex_spiral
D:11:     layout_loops_ring, gammafunk_ghost_split
D:12:     minmay_recursive_quarters, layout_loops_ring, uniq_fannar, uniq_nessos
D:13:     kennysheep_seaside_town, layout_basic, david_vaults_1, serial_shops,
          kennysheep_little_box, minmay_fractal_squares_5
D:14:     layout_basic, grunt_gozag_breadcrumbs
D:15:     grunt_enter_depths_snipers, layout_rooms, nrook_pool_corridor
Temple:   cyrus_circular_temple

Skill      XL: |  1  2  3  4  5  6  7  8  9 10 11 |
---------------+----------------------------------+-----
Unarmed Combat | 1 2 3 4 6 7 9 11 13 14 | 14.7
Shields        | 3 6 7 |  7.6
Invocations    | 4 6 8 |  8.9
Dodging        | |  1.7
Stealth        | |  2.1
Spellcasting   | |  1.7
Necromancy     | |  4.0

Action                   |  1- 3 |  4- 6 |  7- 9 | 10-12 || total
-------------------------+-------+-------+-------+-------++-------
Melee: Unarmed           |   138 |   163 |   376 |   297 ||   974
       Punch             |       |       |     9 |       ||     9
Throw: Dart              |       |       |       |     3 ||     3
       Throwing net      |       |       |       |     1 ||     1
 Cast: Pain              |     7 |       |       |       ||     7
Invok: Draw Summoning    |       |       |       |     4 ||     4
       Draw Destruction  |       |       |       |     3 ||     3
Evoke: Wand              |       |       |     5 |    17 ||    22
  Use: Scroll            |       |     1 |     6 |    18 ||    25
       Potion            |       |       |       |     1 ||     1
 Stab: Sleeping          |     2 |     1 |       |       ||     3
Armor: Robe              |    15 |       |       |       ||    15
       Leather armour    |    22 |    28 |       |       ||    50
       Ring mail         |       |    29 |     6 |       ||    35
       Scale mail        |       |       |    53 |       ||    53
       Chain mail        |       |       |    77 |   109 ||   186
Dodge: Dodged            |    98 |    92 |   121 |    67 ||   378
Block: Kite shield       |       |       |    57 |   114 ||   171

Table legend: (Time is in decaauts)
 A = Elapsed time spent in this place.
 B = Non-inter-level travel time spent in this place.
 C = Inter-level travel time spent in this place.
 D = Time resting spent in this place.
 E = Time spent auto-exploring this place.
 F = Levels seen in this place.
 G = Mean time per level.
                   A        B        C        D        E       F      G
               +--------+--------+--------+--------+--------+-----+--------+
         Total |  16912 |  15771 |   1141 |   2538 |   9896 |  17 |  994.8 |
       Dungeon |  16454 |  15321 |   1133 |   2514 |   9582 |  15 | 1096.9 |
        Temple |     83 |     75 |      8 |      0 |     74 |   1 |   83.0 |
       Ossuary |    374 |    374 |      0 |     24 |    240 |   1 |  374.0 |
               +--------+--------+--------+--------+--------+-----+--------+

Top non-repeatable levels by time:
    D:10: 2466 daAuts
     D:2: 1872 daAuts
     D:8: 1804 daAuts
     D:3: 1710 daAuts
     D:9: 1452 daAuts
     D:5: 1390 daAuts
     D:1: 1255 daAuts
     D:7: 844 daAuts
     D:4: 816 daAuts
     D:6: 782 daAuts
    D:14: 755 daAuts
    D:11: 707 daAuts
 Ossuary: 374 daAuts
    D:12: 319 daAuts
    D:13: 274 daAuts
